 Dungeon Crawl Stone Soup version 0.30.1-6-gbe392663c4 (webtiles) character file.

Game seed: 7365305270509697626

58 booth the Chopper (level 4, 0/31 (38) HPs)
             Began as a Gnoll Reaver on Sept 21, 2023.
             Slain by an ogre
             ... wielding a +0 giant club
              (14 damage)
             ... on level 3 of the Dungeon.
             The game lasted 00:13:00 (2334 turns).

booth the Chopper (Gnoll Reaver)                    Turns: 2334, Time: 00:13:00

HP:   0/31 (38)     AC:  4    Str: 11    XL:     4   Next: 2%
MP:   5/11          EV: 13    Int: 12    God:
Gold: 1071          SH:  0    Dex: 13    Spells: 7/13 levels left

rFire   . . .        a - +0 hand axe
rCold   . . .        (no shield)
rNeg    . . .        b - +1 leather armour
rPois   .            (no helmet)
rElec   .            (no cloak)
rCorr   .            (no gloves)
SInv    .            (no boots)
Will    .....        (no amulet)
Stlth   +            (no ring)
HPRegen 0.25/turn    (no ring)
MPRegen 0.12/turn

%: no passive effects
@: heavily drained
A: fangs 1, strong nose, distributed training
a: no special abilities


You were on level 3 of the Dungeon.
You visited 1 branch of the dungeon, and saw 3 of its levels.

You collected 1071 gold pieces.

Inventory:

Hand Weapons
 a - a +0 hand axe (weapon)
 g - a +0 mace
 o - a +0 mace
Missiles
 j - a throwing net
 k - 2 poisoned darts (quivered)
Armour
 b - a +1 leather armour (worn)
 e - a +0 ring mail
Scrolls
 h - 2 scrolls of teleportation
 l - a scroll of poison {unknown}
 n - a scroll of fog {unknown}
Potions
 c - 2 potions of heal wounds
 d - a potion of curing
 f - a potion of mutation
 i - a potion of attraction {unknown}
 m - a potion of flight {unknown}


   Skills:
 + Level 4.6 Fighting
 + Level 1.0 Short Blades
 + Level 1.0 Long Blades
 + Level 6.6 Axes
 + Level 1.0 Maces & Flails
 + Level 1.0 Polearms
 + Level 1.0 Staves
 + Level 1.0 Ranged Weapons
 + Level 1.0 Throwing
 + Level 1.0 Armour
 + Level 4.6 Dodging
 + Level 1.0 Stealth
 + Level 1.0 Shields
 + Level 1.0 Unarmed Combat
 + Level 5.0 Spellcasting
 + Level 5.4 Conjurations
 + Level 0.8 Hexes
 + Level 0.8 Summonings
 + Level 0.8 Necromancy
 + Level 0.8 Translocations
 + Level 0.8 Transmutations
 + Level 0.8 Fire Magic
 + Level 0.8 Ice Magic
 + Level 0.8 Air Magic
 + Level 0.8 Earth Magic
 + Level 0.8 Poison Magic
 + Level 1.1 Invocations
 + Level 1.0 Evocations


You had 7 spell levels left.
You knew the following spells:

 Your Spells              Type           Power      Damage    Failure   Level
a - Kiss of Death         Conj/Necr      40%        2d8       8%          1
b - Momentum Strike       Conj/Tloc      20%        3d8       11%         2
c - Hailstorm             Conj/Ice       10%        3d5       22%         3

Your spell library contained the following spells:

 Spells                   Type           Power      Damage    Failure   Level
 Call Canine Familiar     Summ           5%         N/A       50%         3
 Portal Projectile        Hex/Tloc       10%        N/A       50%         3
 Leda's Liquefaction      Hex/Erth       2%         N/A       88%         4


Dungeon Overview and Level Annotations

Branches:
Dungeon (3/15)

Altars:


Innate Abilities, Weirdness & Mutations

You have very sharp teeth.
Your uncanny sense of smell can sniff out nearby items.
Your experience applies equally to all skills.


Message History

The concentrated momentum misses the ogre.
Casting: Momentum Strike (safe; 11% risk of failure)
Confirm with . or Enter, or press ? or * to list all spells.
Aiming: Momentum Strike (safe; 11% risk of failure)
Press: ? - help, Dir - move target, f/p - ogre
Aim: an ogre, wielding a +0 giant club (85% to hit)
The concentrated momentum misses the ogre.
The ogre hits you with a +0 giant club!!
Ouch! That really hurt!
Casting: Momentum Strike (safe; 11% risk of failure)
Confirm with . or Enter, or press ? or * to list all spells.
Aiming: Kiss of Death (safe; 8% risk of failure)
Press: ? - help, Shift-Dir - straight line, f/p - ogre
Aim: an ogre, wielding a +0 giant club (100% to hit)
The negative energy hits the ogre!
The ogre is drained!
The ogre is heavily wounded.
You feel drained.
Throw: 4 darts (poison)
Press: ? - help, Q - select action, (/) - cycle Shift-Dir - straight line, f/p - ogre
Aim: an ogre, wielding a +0 giant club (heavily wounded, lightly drained, 74% to hit)
You throw a poisoned dart. The poisoned dart hits the ogre.
The ogre is poisoned.
The ogre is heavily wounded.
The ogre hits you with a +0 giant club.
Throw: 3 darts (poison)
Press: ? - help, Q - select action, (/) - cycle Shift-Dir - straight line, f/p - ogre
Aim: an ogre, wielding a +0 giant club (heavily wounded, poisoned, lightly drained, 74% to hit)
You throw a poisoned dart. The poisoned dart hits the ogre.
The ogre looks even sicker.
The ogre is heavily wounded.
The ogre closely misses you.
You completely miss the ogre. You bite the ogre, but do no damage.
The ogre is heavily wounded.
You barely miss the ogre.
The ogre is heavily wounded.
The ogre completely misses you.
You barely miss the ogre. Your bite misses the ogre.
The ogre is heavily wounded.
The ogre hits you with a +0 giant club!
You die...

+..!....# #.#
+....# #.......#
#.# #....#
#.......# #.#
..#..# #.......#
#.###.##..#
.$.....# #...#.#
#..O.# ##....##..
#....# #........
###'#####'#####..
#...O@.....# .
#.####.....# #.#
#.....# #.#
#.....# ###
#.....# #.....#
#######


You could see an ogre (very poisoned, drained).

Vanquished Creatures
  An adder (D:3)
  A worm (D:3)
  An orc (D:3)
  2 endoplasms (D:2)
  2 giant cockroaches (D:1)
  4 goblins
  9 hobgoblins
  7 kobolds
  A quokka (D:2)
  7 ball pythons
  4 bats
  2 frilled lizards (D:1)
  3 rats
44 creatures vanquished.

Notes
Turn   | Place    | Note
-------+----------+-------------------------------------------
     0 | D:1      | booth the Gnoll Reaver began the quest for the Orb.
     0 | D:1      | Reached XP level 1. HP: 20/20 MP: 6/6
   260 | D:1      | Reached XP level 2. HP: 26/26 MP: 7/7
   263 | D:1      | Learned a level 2 spell: Momentum Strike
   768 | D:1      | Identified a scroll of acquirement
   768 | D:1      | Acquired 918 gold pieces
   906 | D:2      | Reached skill level 5 in Spellcasting
   906 | D:2      | Reached XP level 3. HP: 9/27 MP: 6/9
   985 | D:2      | Learned a level 3 spell: Hailstorm
  1336 | D:2      | Identified the +5 dagger of the Sea {freeze, *Rage rElec
                  | Will+ MP+9}
  1358 | D:2      | Reached skill level 1 in Invocations
  1781 | D:3      | Reached skill level 1 in Short Blades
  1781 | D:3      | Reached skill level 1 in Long Blades
  1781 | D:3      | Reached skill level 1 in Maces & Flails
  1781 | D:3      | Reached skill level 1 in Polearms
  1781 | D:3      | Reached skill level 1 in Staves
  1781 | D:3      | Reached skill level 1 in Ranged Weapons
  1781 | D:3      | Reached skill level 1 in Throwing
  1781 | D:3      | Reached skill level 1 in Armour
  1781 | D:3      | Reached skill level 1 in Stealth
  1781 | D:3      | Reached skill level 1 in Shields
  1781 | D:3      | Reached skill level 1 in Unarmed Combat
  1781 | D:3      | Reached skill level 1 in Evocations
  2199 | D:3      | Reached XP level 4. HP: 22/37 MP: 11/11
  2318 | D:3      | Noticed an ogre
  2334 | D:3      | Slain by an ogre

Illustrated notes

Levels and vault maps discovered:
D:1:      minmay_arrival_glassed_features, layout_basic, serial_rivers,
          chequers_serial_rivers_micro_e, chequers_serial_rivers_small_3,
          chequers_serial_rivers_micro_a, chequers_serial_rivers_micro_e,
          chequers_serial_rivers_micro_e
D:2:      layout_basic, minmay_tetromino_i4
D:3:      layout_basic, ebering_ecumenical_altar_abandoned

Skill      XL: |  1  2  3 |
---------------+----------+-----
Spellcasting   | 5 |  5.0
Invocations    | 1 |  1.1
Short Blades   | 1 |  1.0
Long Blades    | 1 |  1.0
Maces & Flails | 1 |  1.0
Polearms       | 1 |  1.0
Staves         | 1 |  1.0
Ranged Weapons | 1 |  1.0
Throwing       | 1 |  1.0
Armour         | 1 |  1.0
Stealth        | 1 |  1.0
Shields        | 1 |  1.0
Unarmed Combat | 1 |  1.0
Evocations     | 1 |  1.0
Fighting       | |  4.6
Axes           | |  6.6
Dodging        | |  4.6
Conjurations   | |  5.4
Hexes          | |  0.8
Summonings     | |  0.8
Necromancy     | |  0.8
Translocations | |  0.8
Transmutations | |  0.8
Fire Magic     | |  0.8
Ice Magic      | |  0.8
Air Magic      | |  0.8
Earth Magic    | |  0.8
Poison Magic   | |  0.8

Action                     |  1- 3 |  4- 6 || total
---------------------------+-------+-------++-------
  Melee: Hand axe          |   148 |     3 ||   151
         Bite              |    15 |     1 ||    16
         Punch             |     1 |       ||     1
  Throw: Dart              |       |     2 ||     2
   Cast: Kiss of Death     |     1 |     1 ||     2
         Momentum Strike   |       |     3 ||     3
    Use: Scroll            |     6 |     1 ||     7
         Potion            |     1 |       ||     1
   Stab: Sleeping          |     1 |       ||     1
 Armour: Leather armour    |    25 |       ||    25
  Dodge: Dodged            |    86 |     2 ||    88
